 Dungeon Crawl Stone Soup version 0.18.1-50-g88ac8fd (console) character file.

4065 Kloppie the Cruncher (level 10, 0/82 HPs)
             Began as a Formicid Fighter on Oct 25, 2016.
             Was a Believer of Okawaru.
             Slain by a wasp (4 damage)
             ... on level 8 of the Dungeon.
             The game lasted 00:13:15 (7656 turns).

Kloppie the Cruncher (Formicid Fighter)             Turns: 7656, Time: 00:13:15

Health: 0/82       AC: 13    Str: 20    XL:     10   Next: 49%
Magic:  10/10      EV: 14    Int:  9    God:    Okawaru [**....]
Gold:   299        SH: 12    Dex: 18    Spells: 0 memorised, 9 levels left

rFire  . . .     SeeInvis +     k - +0 quarterstaff (curse)
rCold  . . .     Gourm    .     u - +0 plate armour
rNeg   . . .     Faith    .     c - +0 shield
rPois  .         Spirit   .     (helmet unavailable)
rElec  .         Dismiss  .     (no cloak)
rCorr  .         Reflect  .     (no gloves)
SustAt .         Harm     .     (no boots)
MR     +....                    (no amulet)
Stlth  ..........               q - +3 ring of evasion
                                y - ring of stealth

@: agile, somewhat resistant to hostile enchantments, extremely unstealthy
A: permanent stasis, dig shafts and tunnels, four strong arms, antennae 3
a: Dig, Shaft Self, Heroism, Renounce Religion


You were on level 8 of the Dungeon.
You worshipped Okawaru.
Okawaru was pleased with you.
You were not hungry.

You visited 2 branches of the dungeon, and saw 9 of its levels.
You also visited: Sewer.

You collected 299 gold pieces.

Inventory:

Hand Weapons
 a - a +0 quarterstaff
 k - a cursed +0 quarterstaff (weapon)
Armour
 c - a +0 shield (worn)
 u - a +0 plate armour (worn)
Jewellery
 e - an uncursed ring of resist corrosion
 h - an uncursed ring of flight
 o - an uncursed amulet of faith
 q - a +3 ring of evasion (right hand)
 y - a ring of stealth (left hand)
Wands
 b - a wand of hasting (4/9)
 d - a wand of teleportation (6/9)
Scrolls
 i - a scroll of fog
 j - a scroll of identify
 x - a scroll of amnesia
Potions
 g - a potion of cure mutation
 l - 2 potions of resistance
 s - 2 potions of magic
 t - 2 potions of brilliance
 w - a potion of agility
Books
 m - a book of the Earth

   Spells                             Type                      Level
   a - Leda's Liquefaction            Hexes/Earth                  4
   b - Bolt of Magma                  Conjuration/Fire/Earth       5
   c - Statue Form                    Transmutation/Earth          6
   d - Iron Shot                      Conjuration/Earth            6
   e - Shatter                        Earth                        9
 D - a book of Frost

   Spells                             Type                      Level
   a - Freeze                         Ice                          1
   b - Throw Frost                    Conjuration/Ice              2
   c - Ozocubu's Armour               Charms/Ice                   3
   d - Throw Icicle                   Conjuration/Ice              4
   e - Summon Ice Beast               Ice/Summoning                4
Comestibles
 f - 9 bread rations
 n - a meat ration
 p - 3 beef jerkies
 z - 7 slices of pizza
 A - 3 chunks of flesh
 B - a royal jelly


   Skills:
 - Level 8.7 Fighting
 + Level 9.1 Staves
 + Level 7.1 Armour
 - Level 9.0 Shields


You had 9 spell levels left.
You didn't know any spells.

Dungeon Overview and Level Annotations

Branches:
Dungeon (8/15)             Temple (1/1) D:4
   Lair: D:8-11

Altars:
Ashenzari
Cheibriados
Dithmenos
Elyvilon
Fedhas
Gozag
Kikubaaqudgha
Makhleb
Nemelex Xobeh
Okawaru
Pakellas
Qazlal
Ru
Sif Muna
Trog
Vehumet
Xom
Yredelemnul
Zin
The Shining One

Shops:
D:7 *%


Innate Abilities, Weirdness & Mutations

You are under a permanent stasis effect.
You can dig through walls and to a lower floor.
Your four strong arms can wield two-handed weapons with a shield.
You have a pair of large antennae on your head (SInv).


Message History

The wasp is moderately wounded.
The wasp stings you but does no damage. You block the wasp's attack.
You hit the wasp but do no damage.
The wasp is moderately wounded.
The wasp stings you but does no damage.
You hit the wasp but do no damage.
The wasp is moderately wounded.
You block the wasp's attack.
You hit the wasp but do no damage.
The wasp is moderately wounded.
The wasp stings you.
* * * LOW HITPOINT WARNING * * *
Your stasis keeps you stable.
You block the wasp's attack.
You hit the wasp but do no damage.
The wasp is moderately wounded.
The wasp completely misses you.
You hit the wasp.
The wasp is heavily wounded.
The wasp stings you.
You die...

## .. .#####
....###...
#....../.. #@#
.##...
##y##......
#####.)....$>..
#$.............
#......<.......
#...$_..........
#............|..
..#.............
.....#..........


You could see a wasp.

Vanquished Creatures
  The ghost of Kloppie the Shield-Bearer, a novice FoFi (D:5)
  A yak (D:7)
  A human (D:7)
  Eustachio (D:5)
  Menkaure (D:4)
  3 orc warriors (D:7)
  Duvessa (D:4)
  An ogre (D:6)
  A sky beast (D:7)
  A phantom (D:6)
  A black bear (D:7)
  5 ice beasts
  2 big kobolds (Sewer)
  3 giant frogs (D:7)
  Blork the orc (D:4)
  Dowan (D:4)
  3 scorpions
  2 crimson imps (D:5)
  A centaur zombie (D:5)
  A jelly (D:5)
  A quasit (D:7)
  A centaur skeleton (D:7)
  8 hounds
  6 orc wizards
  3 orc priests
  A giant frog skeleton (D:7)
  3 iguanas
  4 worker ants
  3 sheep (D:7)
  A hound zombie (D:6)
  A hound skeleton (D:6)
  Robin (D:4)
  A gnoll (D:4)
  14 adders
  3 river rats (D:3)
  A shadow imp (D:5)
  2 oozes
  2 adder skeletons
  2 worms
  3 dart slugs (D:3)
  3 giant geckos
  32 orcs
  7 giant cockroaches
  23 goblins
  8 hobgoblins
  6 jackals
  11 kobolds
  3 quokkas
  4 ball pythons
  12 bats
  2 giant gecko zombies (D:7)
  A giant newt (D:1)
  A jackal skeleton (D:7)
  A jackal zombie (D:7)
  7 rats
214 creatures vanquished.

Vanquished Creatures (others)
  An orc wizard (D:5)
1 creature vanquished.

Grand Total: 215 creatures vanquished

Notes
Turn   | Place    | Note
--------------------------------------------------------------
     0 | D:1      | Kloppie the Formicid Fighter began the quest for the Orb.
     0 | D:1      | Reached XP level 1. HP: 18/18 MP: 1/1
    90 | D:1      | Reached XP level 2. HP: 20/24 MP: 2/2
   494 | D:2      | Reached XP level 3. HP: 30/30 MP: 3/3
  1024 | D:3      | Reached XP level 4. HP: 37/37 MP: 4/4
  1035 | D:3      | Found a white marble altar of Elyvilon.
  1261 | D:3      | Reached XP level 5. HP: 32/43 MP: 5/5
  1316 | D:3      | Found a glowing drain.
  1323 | Sewer    | Entered a sewer
  1424 | Sewer    | Noticed a big kobold
  1435 | Sewer    | Killed a big kobold
  1435 | Sewer    | Reached skill level 5 in Shields
  1435 | Sewer    | Reached XP level 6. HP: 28/50 MP: 6/6
  1482 | Sewer    | Reached skill level 5 in Fighting
  2310 | D:3      | Found a snail-covered altar of Cheibriados.
  2553 | D:4      | Reached XP level 7. HP: 40/56 MP: 7/7
  2574 | D:4      | Noticed Dowan
  2576 | D:4      | Noticed Duvessa
  2593 | D:4      | Killed Duvessa
  2599 | D:4      | Killed Dowan
  2626 | D:4      | Noticed Robin
  2644 | D:4      | Killed Robin
  2718 | D:4      | Found a glowing golden altar of the Shining One.
  2783 | D:4      | Found a bloodstained altar of Trog.
  2807 | D:4      | Found a staircase to the Ecumenical Temple.
  2813 | Temple   | Entered the Ecumenical Temple
  3230 | D:4      | Noticed Blork the orc
  3256 | D:4      | Killed Blork the orc
  3256 | D:4      | Reached skill level 5 in Staves
  3606 | D:5      | Entered Level 5 of the Dungeon
  3617 | D:5      | Noticed Menkaure
  3620 | D:4      | Reached XP level 8. HP: 41/64 MP: 8/8
  3776 | D:5      | HP: 2/65 [Menkaure (13)]
  3789 | D:4      | Killed Menkaure
  4332 | D:5      | Noticed Eustachio
  4369 | D:5      | Killed Eustachio
  4394 | D:5      | Noticed Kloppie's ghost (novice FoFi)
  4396 | D:5      | Found a basalt altar of Yredelemnul.
  4708 | D:5      | Reached XP level 9. HP: 66/72 MP: 9/9
  4819 | D:5      | Killed Kloppie's ghost
  4819 | D:5      | Reached skill level 5 in Armour
  5120 | D:6      | Found an iron altar of Okawaru.
  5133 | D:6      | Became a worshipper of Warmaster Okawaru
  6057 | D:6      | Found a blossoming altar of Fedhas.
  6152 | D:7      | Reached * piety under Okawaru
  6188 | D:7      | Reached XP level 10. HP: 74/80 MP: 10/10
  6435 | D:7      | Found a burning altar of Makhleb.
  6681 | D:7      | Found Heely's Humungous Hoard.
  7116 | D:7      | Found Mirukigg's Food Boutique.
  7198 | D:7      | Reached ** piety under Okawaru
  7628 | D:7      | HP: 4/82 [orc warrior/flail (18)]
  7636 | D:7      | HP: 2/82 [orc priest/divine providence (9)]
  7642 | D:8      | Found a radiant altar of Vehumet.
  7654 | D:8      | HP: 3/82 [wasp (4)]
  7656 | D:8      | Slain by a wasp

Skill      XL: |  1  2  3  4  5  6  7  8  9 10 |
---------------+-------------------------------+-----
Fighting       | 4 5 6 7 8 |  8.7
Shields        | 4 5 6 7 8 9 |  9.0
Staves         | 3 4 5 6 8 9 |  9.1
Armour         | 6 7 |  7.1

Action                   |  1- 3 |  4- 6 |  7- 9 | 10-12 || total
-------------------------+-------+-------+-------+-------++-------
Melee: Quarterstaff      |    83 |   205 |   521 |   234 ||  1043
  Use: Potion            |       |     1 |     6 |     5 ||    12
       Scroll            |       |       |    15 |       ||    15
  Eat: Chunk             |       |     6 |    12 |     5 ||    23
Armor: Scale mail        |    24 |     7 |       |       ||    31
       Chain mail        |       |    66 |   163 |     5 ||   234
       Plate armour      |       |       |       |    59 ||    59
Dodge: Dodged            |    22 |    45 |   202 |    67 ||   336
Block: Shield            |    39 |   116 |   287 |   112 ||   554
